 Dungeon Crawl Stone Soup version 0.30-a0-920-g7493c07aab (webtiles) character file.

Game seed: 13131489611554827070

576 jasper the Magician (level 7, -2/36 HPs)
             Began as a Deep Elf Conjurer on Mar 21, 2023.
             Slain by a killer bee (4 damage)
             ... on level 8 of the Dungeon.
             The game lasted 00:04:47 (4285 turns).

jasper the Magician (Deep Elf Conjurer)             Turns: 4285, Time: 00:04:48

Health: -2/36      AC:  4    Str:  4    XL:     7   Next: 12%
Magic:  17/28      EV: 12    Int: 25    God:
Gold:   181        SH:  0    Dex: 13    Spells: 6/20 levels left

rFire   + . .      SeeInvis .    f - +8 mace (heavy)
rCold   . . .      Faith    .    (no shield)
rNeg    . . .      Spirit   .    a - +0 robe
rPois   .          Reflect  .    (no helmet)
rElec   .          Rampage  .    q - +1 cloak
rCorr   .                        (no gloves)
Will    .....                    (no boots)
Stlth   ++                       (no amulet)
HPRegen 0.26/turn                c - ring of magical power
MPRegen 0.21/turn                m - ring of protection from fire

@: lethally poisoned (-2 -> -20), invisible
A: no striking features
a: no special abilities


You were on level 8 of the Dungeon.
You visited 1 branch of the dungeon, and saw 6 of its levels.

You collected 181 gold pieces.

Inventory:

Hand Weapons
 f - a +8 heavy mace (weapon)
Missiles
 d - 5 datura-tipped darts
 p - 2 throwing nets
Armour
 a - a +0 robe (worn)
 q - a +1 cloak (worn)
 r - a +2 leather armour of willpower
Jewellery
 c - a ring of magical power (left hand)
 m - a ring of protection from fire (right hand)
Wands
 g - a wand of acid (3)
 l - a wand of roots (13)
Scrolls
 k - 4 scrolls of blinking
Potions
 b - 2 potions of degeneration
 e - a potion of curing {unknown}
 h - a potion of mutation {unknown}
 i - a potion of attraction {unknown}
 j - a potion of invisibility
 n - a potion of flight {unknown}
 o - a potion of berserk rage {unknown}


   Skills:
 - Level 2.4 Dodging
 - Level 2.4 Stealth
 + Level 7.1 Spellcasting
 - Level 6.0 Conjurations
 + Level 3.9 Hexes
 - Level 3.0 Translocations


You had 6 spell levels left.
You knew the following spells:

 Your Spells              Type           Power      Damage    Failure   Level
a - Magic Dart            Conj           100%       1d8       1%          1
b - Searing Ray           Conj           78%        2d7       1%          2
c - Dazzling Flash        Conj/Hex       66%        N/A       2%          3
d - Fulminant Prism       Conj/Hex       16%        3d10      9%          4
e - Iskenderun's Mystic   Conj/Tloc      31%        2d8       11%         4

Your spell library contained the following spells:

 Spells                   Type           Power      Damage    Failure   Level


Dungeon Overview and Level Annotations

Branches:
Dungeon (8/15)               Lair (0/5) D:8
 Temple: D:4-7

Altars:


Message History

Press: ? - help, Shift-Dir - straight line
Okay, then.
Casting: Searing Ray (safe; 1% risk of failure)
Confirm with . or Enter, or press ? or * to list all spells.
Casting: Dazzling Flash (dangerous; 2% risk of failure)
Press: ? - help, Dir - look around, f - activate The killer bee is dazzled. x2; You feel sick.
The killer bee misses you. The killer bee stings you!
The killer bee stings you but does no damage.
The killer bee stings you.
You are more poisoned.
The killer bee poisons you!
You take 13 damage, and have 22/36 hp.
MASSIVE DAMAGE!!
You now have 20/28 mp.
Casting: Dazzling Flash (dangerous; 2% risk of failure)
Confirm with . or Enter, or press ? or * to list all spells.
The spell is quite dangerous to miscast (9% risk of failure)!
Continue anyway? [Y]es or [N]o only, please.
The spell is quite dangerous to miscast (9% risk of failure)!
Continue anyway?
Aiming: Fulminant Prism (quite dangerous; 9% risk of failure)
Press: ? - help, Dir - move target You conjure a prism of explosive energy!
A fulminant prism comes into view.
You feel very sick.
The killer bee barely misses you. x2; The killer bee stings you.
You are lethally poisoned!
The killer bee poisons you! The killer bee misses you.
You take 7 damage, and have 15/36 hp.
You now have 16/28 mp.
The killer bee attacks as you move away!
The killer bee stings you.
You are more poisoned.
The killer bee poisons you!
* * * LOW HITPOINT WARNING * * *
You feel very sick.
Your fulminant prism crackles loudly.
You take 9 damage, and have 6/36 hp.
MASSIVE DAMAGE!!
It was a potion of invisibility.
You fade into invisibility!
* * * LOW HITPOINT WARNING * * *
You feel very sick. The killer bee stings you.
You die...

.K.#...# .
..#...# ..
.....## .. #....#
.# #)K..# ..#
..####....#...##.
........*........
######y#########
#@.y# #...y###
......### ......
.#... ..... ##..
#..


You could see 3 killer bees and a friendly fulminant prism.

Vanquished Creatures
  Sigmund (D:3)
  2 ogres (D:3)
  Crazy Yiuf (D:3)
  A sleepcap (D:4)
  Jessica (D:3)
  An orc wizard (D:4)
  6 adders
  2 dart slugs (D:2)
  4 orcs (D:4)
  5 ball pythons
  7 endoplasms
  7 giant cockroaches
  6 hobgoblins
  8 jackals
  7 kobolds
  5 quokkas
  7 bats
  2 frilled lizards (D:1)
  6 goblins
  7 rats
86 creatures vanquished.

Vanquished Creatures (others)
  A fulminant prism (D:8)
1 creature vanquished.

Grand Total: 87 creatures vanquished

Notes
Turn   | Place    | Note
-------+----------+-------------------------------------------
     0 | D:1      | jasper the Deep Elf Conjurer began the quest for the Orb.
     0 | D:1      | Reached XP level 1. HP: 10/10 MP: 6/6
   197 | D:1      | Reached XP level 2. HP: 15/15 MP: 8/8
   200 | D:1      | Learned a level 2 spell: Searing Ray
   796 | D:1      | Reached skill level 4 in Spellcasting
  1169 | D:1      | Reached skill level 5 in Conjurations
  1169 | D:1      | Reached XP level 3. HP: 19/19 MP: 10/10
  2221 | D:3      | Reached XP level 4. HP: 24/24 MP: 12/12
  2225 | D:3      | Learned a level 3 spell: Dazzling Flash
  2230 | D:3      | Learned a level 4 spell: Fulminant Prism
  2407 | D:3      | Noticed an ogre
  2408 | D:3      | Noticed Jessica
  2415 | D:3      | Killed an ogre
  2416 | D:3      | Reached skill level 5 in Spellcasting
  2416 | D:3      | Reached XP level 5. HP: 28/28 MP: 14/15
  2417 | D:3      | Killed Jessica
  2423 | D:3      | Learned a level 4 spell: Iskenderun's Mystic Blast
  2631 | D:3      | Noticed an ogre
  2635 | D:3      | Killed an ogre
  2636 | D:3      | Reached skill level 6 in Spellcasting
  2636 | D:3      | Reached skill level 1 in Hexes
  2636 | D:3      | Reached skill level 1 in Translocations
  2667 | D:3      | Reached XP level 6. HP: 32/32 MP: 17/17
  2737 | D:3      | Noticed Sigmund
  2741 | D:3      | Killed Sigmund
  3019 | D:3      | Found a runed translucent door.
  3020 | D:3      | Noticed Crazy Yiuf
  3207 | D:3      | Killed Crazy Yiuf
  3748 | D:4      | Reached XP level 7. HP: 36/36 MP: 19/19
  3952 | D:4      | Reached skill level 7 in Spellcasting
  4260 | D:5      | Entered Level 5 of the Dungeon
  4260 | D:5      | You fall into a shaft and drop 3 floors!
  4268 | D:8      | Found a staircase to the Lair.
  4285 | D:8      | Slain by a killer bee

Illustrated notes

Levels and vault maps discovered:
D:1:      onia_arrival_pyramid, layout_basic
D:2:      layout_loops_cross, kennysheep_generic_room_13
D:3:      layout_basic, uniq_sigmund, uniq_crazy_yiuf_cottage, uniq_jessica
D:4:      layout_gridville, nicolae_figureground_sparkle
D:5:      layout_gridville, nicolae_qazlal_style_of_elements,
          gammafunk_temple_overflow_pools, hangedman_decor_points,
          minmay_misc_feat_more_columns, minivault_5, st_stairs_8,
          nicolae_zen_rock_garden
D:8:      minmay_recursive_quarters, layout_rooms,
          nicolae_overflow_hallway_of_the_gods, dpeg_oklobed_lair, uniq_grum,
          uniq_prince_ribbit1

Skill      XL: |  1  2  3  4  5  6  7 |
---------------+----------------------+-----
Spellcasting   | 4 5 6 7 |  7.1
Conjurations   | 5 6 |  6.0
Hexes          | 1 3 |  3.9
Translocations | 1 2 3 |  3.0
Dodging        | |  2.4
Stealth        | |  2.4

Action                     |  1- 3 |  4- 6 |  7- 9 || total
---------------------------+-------+-------+-------++-------
   Cast: Magic Dart        |    88 |    58 |    17 ||   163
         Searing Ray       |       |     4 |     4 ||     8
         Fulminant Prism   |       |       |     2 ||     2
         Dazzling Flash    |       |       |     1 ||     1
    Use: Potion            |     1 |       |     1 ||     2
         Scroll            |     6 |     3 |     1 ||    10
 Armour: Robe              |     1 |     1 |     3 ||     5
  Dodge: Dodged            |    12 |     5 |    20 ||    37

Table legend: (Time is in decaauts)
 A = Elapsed time spent in this place.
 B = Non-inter-level travel time spent in this place.
 C = Inter-level travel time spent in this place.
 D = Time resting spent in this place.
 E = Time spent auto-exploring this place.
 F = Levels seen in this place.
 G = Mean time per level.
                   A        B        C        D        E       F      G
               +--------+--------+--------+--------+--------+-----+--------+
         Total |   4282 |   4185 |     97 |     31 |   3753 |   6 |  713.7 |
       Dungeon |   4282 |   4185 |     97 |     31 |   3753 |   6 |  713.7 |
               +--------+--------+--------+--------+--------+-----+--------+

Top non-repeatable levels by time:
     D:1: 1227 daAuts
     D:3: 1156 daAuts
     D:4: 954 daAuts
     D:2: 919 daAuts
     D:8: 24 daAuts
